 Dungeon Crawl Stone Soup version 0.31.0-9-g3a7656b989 (webtiles) character file.

Game seed: 10016152512302995093

2228 qw the Nimble (level 9, -1/44 (46) HPs)
             Began as a Spriggan Hunter on Feb 2, 2024.
             Engulfed by a steam dragon's steam (9 damage)
             ... on level 6 of the Dungeon.
             The game lasted 00:00:26 (5170 turns).

qw the Nimble (Spriggan Hunter)                     Turns: 5170, Time: 00:00:27

HP:   -1/44 (46)    AC:  2    Str:  7    XL:     9   Next: 14%
MP:   10/10         EV: 26    Int: 10    God:
Gold: 346           SH:  0    Dex: 23    Spells: 8/8 levels left

rFire   . . .        a - +0 shortbow
rCold   + . .        (shield currently unavailable)
rNeg    . . .        d - +0 robe {rC+}
rPois   .            (helmet restricted)
rElec   .            (no cloak)
rCorr   +            (gloves unavailable)
SInv    +            (boots unavailable)
Will    +....        (no amulet)
Stlth   ++           b - ring of resist corrosion
HPRegen 0.27/turn    (no ring)
MPRegen 0.12/turn

%: no passive effects
@: about to teleport, lightly drained, very quick
A: very small, no large weapons, unfitting armour, see invisible, speed 3
a: no special abilities


You were on level 6 of the Dungeon.
You visited 1 branch of the dungeon, and saw 6 of its levels.

You collected 346 gold pieces.


Innate Abilities, Weirdness & Mutations

You are very small and have problems with some larger weapons.
You are too small for most types of armour.
You have supernaturally acute eyesight. (SInv)
You cover ground extremely quickly. (Speed+++)


   Skills:
 - Level 4.9 Fighting
 - Level 9.0 Ranged Weapons
 + Level 9.8 Dodging
 - Level 1.5 Stealth


You had 8 spell levels left.
You didn't know any spells.
Your spell library was empty.

Inventory:

Hand Weapons
 a - a +0 shortbow (weapon)
Armour
 d - a +0 robe of cold resistance (worn)
Jewellery
 b - a ring of resist corrosion (left hand)
 g - a ring of ice
Wands
 h - a wand of paralysis (8)
 i - a wand of roots (10)
Scrolls
 c - a scroll of immolation {unknown}
 k - 2 scrolls of teleportation
Potions
 e - a potion of curing
 f - a potion of heal wounds {unknown}
 j - a potion of resistance
 l - a potion of might
 m - a potion of brilliance {unknown}
 n - a potion of attraction {unknown}

Dungeon Overview and Level Annotations

Branches:
Dungeon (6/15)
 Temple: D:4-7

Altars:
Kikubaaqudgha
Zin

Shops:
D:6 *

Annotations:
D:3 1 runed translucent door, Crazy Yiuf


Message History

You start resting.
HP restored.
You now have 346 gold pieces (gained 13).
Found a book of Weapons.
You see here a book of Weapons.
A steam dragon comes into view.
There is an open door here.
You shoot an arrow. The arrow hits the steam dragon.
The steam dragon hisses angrily.
The steam dragon is lightly wounded.
You shoot an arrow.
The arrow hits the steam dragon but does no damage.
The steam dragon is lightly wounded.
You shoot an arrow.
The arrow hits the steam dragon but does no damage.
The steam dragon is lightly wounded.
You shoot an arrow.
The arrow hits the steam dragon but does no damage.
The steam dragon is lightly wounded.
The steam dragon breathes steam at you. The ball of steam hits you!
You shoot an arrow.
The arrow hits the steam dragon but does no damage.
The steam dragon is lightly wounded.
You are engulfed in a cloud of scalding steam.
The steam dragon completely misses you. x2
You shoot an arrow. The arrow hits the steam dragon!
The steam dragon is moderately wounded.
You are engulfed in a cloud of scalding steam.
The steam dragon bites you! The steam dragon completely misses you.
5169 ||| READING 3 scrolls of teleportation.
As you read the scroll of teleportation, it crumbles to dust.
You feel strangely unstable.
You are engulfed in a cloud of scalding steam.
The steam dragon breathes steam at you. The ball of steam misses you.
You shoot an arrow. The arrow hits the steam dragon.
The steam dragon is heavily wounded.
You are engulfed in a cloud of scalding steam.
You die...

. #...##.####....#.#
#.#...# ######.#.#
#.#...# #......#.#
#...).# #.######.#
#.#.### #......:.#
..#.####.##..#######
........<....# ######
####.#######.####.....##
................@.......
#####)..####.####D....##
.....##.# #.# .....#
####.# .# #.# .....# #.#
. #.# .....# #.# # ..#
###### #.# ..# #.# ..#
#.#


You could see a steam dragon (catching breath).

Vanquished Creatures
  Pikel (D:5)
  Grinder (D:5)
  Sigmund (D:5)
  2 ogres (D:5)
  A black bear (D:6)
  3 lemures (D:5)
  A phantom (D:5)
  Blork the orc (D:6)
  A burial acolyte (D:5)
  4 scorpions
  4 wights (D:6)
  2 jellies
  2 hounds
  An orc priest (D:6)
  An iguana (D:4)
  A gnoll bouda (D:4)
  An orc wizard (D:6)
  Ijyb (D:4)
  Terence (D:3)
  Natasha (thrice) (D:3)
  3 gnolls
  8 adders
  An adder zombie (D:5)
  5 dart slugs
  A ribbon worm (D:4)
  11 orcs
  4 ball pythons
  6 endoplasms
  2 giant cockroaches
  5 hobgoblins
  10 jackals
  4 quokkas
  5 bats
  4 frilled lizards
  3 goblins
  A jackal zombie (D:5)
  5 kobolds
  7 rats
118 creatures vanquished.

Vanquished Creatures (others)
  An orc (D:6)
1 creature vanquished.

Grand Total: 119 creatures vanquished

Notes
Turn   | Place    | Note
-------+----------+-------------------------------------------
     0 | D:1      | qw the Spriggan Hunter began the quest for the Orb.
     0 | D:1      | Reached XP level 1. HP: 10/10 MP: 2/2
     0 | D:1      | 0 ||| qw: Version: 0.3-a-155-g5e7d8dd
     0 | D:1      | 0 ||| qw: Game counter: 2674
     0 | D:1      | 0 ||| qw: Melee chars always use a shield: true
     0 | D:1      | 0 ||| qw: God list: Okawaru
     0 | D:1      | 0 ||| qw: Allow faded altars: false
     0 | D:1      | 0 ||| qw: Do Orc after clearing Dungeon:15 true
     0 | D:1      | 0 ||| qw: Do second Lair branch before Depths: true
     0 | D:1      | 0 ||| qw: Lair rune preference: random
     0 | D:1      | 0 ||| qw: Goals: Normal
     0 | D:1      | 0 ||| PLANNING D:1-11
    22 | D:1      | Reached skill level 3 in Dodging
   107 | D:1      | Reached XP level 2. HP: 14/14 MP: 3/3
   483 | D:1      | Reached XP level 3. HP: 18/18 MP: 4/4
   906 | D:1      | 906 ||| READING 2 scrolls labelled NUNOLO GAMICLA.
   906 | D:1      | 906 ||| IDENTIFYING scroll labelled CIUXAE PUROEHI
   907 | D:1      | 907 ||| READING scroll of identify.
   907 | D:1      | 907 ||| IDENTIFYING scroll labelled ZATHOZAEHOSI
   908 | D:1      | 908 ||| DROPPING scroll of butterflies.
   909 | D:1      | 909 ||| DROPPING scroll of blinking.
  1102 | D:2      | Reached XP level 4. HP: 22/22 MP: 5/5
  1706 | D:2      | 1706 ||| UPGRADING to ring of resist corrosion.
  1707 | D:2      | 1707 ||| READING scroll labelled ZEPURPHUSITIPH.
  1830 | D:3      | Noticed Natasha
  1843 | D:3      | Killed Natasha
  1918 | D:3      | Reached XP level 5. HP: 26/26 MP: 6/6
  2235 | D:3      | Found a runed translucent door.
  2236 | D:3      | Noticed Crazy Yiuf
  2266 | D:3      | Noticed Terence
  2275 | D:3      | Killed Terence
  2276 | D:3      | 2276 ||| FLEEEEING.
  2279 | D:3      | 2279 ||| FLEEEEING.
  2280 | D:3      | 2280 ||| FLEEEEING.
  2281 | D:3      | 2281 ||| FLEEEEING.
  2282 | D:3      | 2282 ||| FLEEEEING.
  2283 | D:3      | 2283 ||| FLEEEEING.
  2286 | D:3      | 2286 ||| FLEEEEING.
  2287 | D:3      | 2287 ||| FLEEEEING.
  2288 | D:3      | 2288 ||| FLEEEEING.
  2289 | D:3      | Noticed Natasha
  2295 | D:3      | Killed Natasha
  2296 | D:3      | Reached skill level 6 in Ranged Weapons
  2300 | D:3      | Noticed Natasha
  2301 | D:3      | 2301 ||| FLEEEEING.
  2304 | D:3      | 2304 ||| FLEEEEING.
  2305 | D:3      | 2305 ||| FLEEEEING.
  2306 | D:3      | 2306 ||| FLEEEEING.
  2307 | D:3      | 2307 ||| FLEEEEING.
  2317 | D:3      | HP: 5/26 [Natasha/magic dart (6)]
  2318 | D:3      | 2318 ||| READING scroll of teleportation.
  2320 | D:3      | Killed Natasha
  2321 | D:3      | Reached XP level 6. HP: 7/30 MP: 7/7
  2681 | D:3      | 2681 ||| READING 3 scrolls of identify.
  2681 | D:3      | 2681 ||| IDENTIFYING inky potion
  2736 | D:4      | Noticed Ijyb
  2752 | D:4      | Killed Ijyb
  2989 | D:4      | Reached skill level 6 in Dodging
  3269 | D:4      | HP: 1/30 [gnoll/+0 halberd[a gnoll bouda] (9)]
  3352 | D:4      | 3352 ||| FLEEEEING.
  3353 | D:4      | 3353 ||| FLEEEEING.
  3355 | D:4      | 3355 ||| FLEEEEING.
  3356 | D:4      | 3356 ||| FLEEEEING.
  3358 | D:4      | 3358 ||| FLEEEEING.
  3359 | D:4      | 3359 ||| FLEEEEING.
  3361 | D:4      | 3361 ||| FLEEEEING.
  3362 | D:4      | 3362 ||| FLEEEEING.
  3363 | D:4      | 3363 ||| FLEEEEING.
  3596 | D:4      | 3596 ||| READING 2 scrolls of identify.
  3596 | D:4      | 3596 ||| IDENTIFYING fizzy black potion
  3597 | D:4      | 3597 ||| READING scroll of identify.
  3597 | D:4      | 3597 ||| IDENTIFYING silvery potion
  3598 | D:4      | 3598 ||| READING 3 scrolls labelled IKAYVUFUMP.
  3654 | D:4      | 3654 ||| READING scroll labelled YGHEMU FAJUDD.
  3655 | D:4      | 3655 ||| DROPPING 2 scrolls of torment.
  3667 | D:5      | Entered Level 5 of the Dungeon
  3767 | D:5      | Reached XP level 7. HP: 35/35 MP: 8/8
  3901 | D:5      | Noticed Sigmund
  3902 | D:5      | 3902 ||| ZAPPING wand of paralysis (16) at 6,-4 (Sigmund;
                  | floor).
  3916 | D:5      | 3916 ||| ZAPPING wand of light (9) at 5,-3 (Sigmund;
                  | floor).
  3916 | D:5      | Killed Sigmund
  3950 | D:5      | Noticed Grinder
  3953 | D:5      | 3953 ||| ZAPPING wand of light (8) at -3,5 (Grinder;
                  | floor).
  3954 | D:5      | 3954 ||| ZAPPING wand of light (7) at -3,5 (Grinder;
                  | floor).
  3955 | D:5      | 3955 ||| ZAPPING wand of light (6) at -3,4 (Grinder;
                  | floor).
  3955 | D:5      | Killed Grinder
  3956 | D:5      | Reached XP level 8. HP: 39/39 MP: 9/9
  3958 | D:5      | Found a glowing silver altar of Zin.
  4054 | D:5      | 4054 ||| FLEEEEING.
  4056 | D:5      | 4056 ||| FLEEEEING.
  4057 | D:5      | 4057 ||| FLEEEEING.
  4058 | D:5      | 4058 ||| FLEEEEING.
  4059 | D:5      | 4059 ||| FLEEEEING.
  4060 | D:5      | 4060 ||| FLEEEEING.
  4064 | D:5      | 4064 ||| FLEEEEING.
  4065 | D:5      | 4065 ||| FLEEEEING.
  4066 | D:5      | 4066 ||| STAIRDANCE
  4096 | D:4      | 4096 ||| READING scroll labelled FEBLUG VUOTUM.
  4097 | D:4      | 4097 ||| READING scroll labelled KURAPU HIMIFU.
  4199 | D:5      | Found an ancient bone altar of Kikubaaqudgha.
  4250 | D:5      | Noticed Pikel
  4251 | D:5      | 4251 ||| RETREEEEATING.
  4252 | D:5      | 4252 ||| RETREEEEATING.
  4253 | D:5      | 4253 ||| RETREEEEATING.
  4254 | D:5      | 4254 ||| ZAPPING wand of paralysis (15) at -7,4 (Pikel;
                  | floor).
  4255 | D:5      | 4255 ||| ZAPPING wand of paralysis (14) at -7,4 (Pikel;
                  | floor).
  4265 | D:5      | 4265 ||| ZAPPING wand of light (5) at -5,3 (Pikel; floor).
  4266 | D:5      | 4266 ||| ZAPPING wand of light (4) at -4,3 (Pikel; floor).
  4267 | D:5      | 4267 ||| ZAPPING wand of light (3) at -4,4 (Pikel; floor).
  4268 | D:5      | 4268 ||| ZAPPING wand of light (2) at -5,4 (Pikel; floor).
  4269 | D:5      | 4269 ||| ZAPPING wand of light (1) at -4,4 (Pikel; floor).
  4274 | D:5      | Killed Pikel
  4573 | D:5      | 4573 ||| UPGRADING to +0 robe of cold resistance.
  4583 | D:5      | 4583 ||| DROPPING +0 robe.
  4780 | D:6      | Found Makuyx's Overcharged Wands.
  4796 | D:6      | Noticed Blork the orc
  4798 | D:6      | Reached skill level 9 in Ranged Weapons
  4798 | D:6      | 4798 ||| FLEEEEING.
  4799 | D:6      | 4799 ||| FLEEEEING.
  4801 | D:6      | 4801 ||| FLEEEEING.
  4805 | D:6      | 4805 ||| ZAPPING wand of paralysis (13) at 3,-5 (Blork the
                  | orc; floor).
  4806 | D:6      | 4806 ||| ZAPPING wand of paralysis (12) at 2,-4 (Blork the
                  | orc; floor).
  4807 | D:6      | 4807 ||| ZAPPING wand of paralysis (11) at 2,-3 (Blork the
                  | orc; floor).
  4808 | D:6      | 4808 ||| ZAPPING wand of paralysis (10) at 1,-2 (Blork the
                  | orc; floor).
  4809 | D:6      | 4809 ||| ZAPPING wand of paralysis (9) at 1,-1 (Blork the
                  | orc; floor).
  4815 | D:6      | Killed Blork the orc
  4824 | D:6      | Reached skill level 9 in Dodging
  4824 | D:6      | Reached XP level 9. HP: 30/46 MP: 10/10
  4886 | D:6      | 4886 ||| SHOPLISTING wand of light (18) (1134 gold, have
                  | 333).
  4886 | D:6      | 4886 ||| SHOPLISTING wand of paralysis (18) (648 gold, have
                  | 333).
  4886 | D:6      | 4886 ||| SHOPLISTING wand of polymorph (18) (378 gold, have
                  | 333).
  4886 | D:6      | 4886 ||| SHOPLISTING wand of roots (18) (648 gold, have
                  | 333).
  4915 | D:6      | 4915 ||| RETREEEEATING.
  4917 | D:6      | 4917 ||| RETREEEEATING.
  4919 | D:6      | 4919 ||| RETREEEEATING.
  5168 | D:6      | HP: 9/44 [steam dragon (9)]
  5169 | D:6      | 5169 ||| READING 3 scrolls of teleportation.
  5170 | D:6      | Engulfed by a steam dragon's steam

Levels and vault maps discovered:
D:1:      dpeg_arrival_central, layout_basic
D:2:      layout_basic
D:3:      layout_loops_ring, uniq_terence, uniq_crazy_yiuf_cottage, uniq_natasha
D:4:      kennysheep_spiral_hall, layout_rooms, uniq_ijyb
D:5:      layout_gridville, mainiacjoe_overflow_chevrons,
          lemuel_zombie_altar_kikubaaqudgha, uniq_sigmund, uniq_pikel,
          uniq_grinder
D:6:      layout_basic, nicolae_shop_overcharged_wands, uniq_blork_the_orc

Skill      XL: |  1  2  3  4  5  6  7  8 |
---------------+-------------------------+-----
Dodging        | 4 5 6 8 9 |  9.8
Ranged Weapons | 5 6 7 8 9 |  9.0
Fighting       | 2 4 |  4.9
Stealth        | |  1.5

Action                     |  1- 3 |  4- 6 |  7- 9 || total
---------------------------+-------+-------+-------++-------
   Fire: Shortbow          |   107 |   248 |   190 ||   545
  Evoke: Wand              |       |       |    17 ||    17
    Use: Scroll            |     2 |     7 |     3 ||    12
 Armour: Robe              |    12 |    43 |    44 ||    99
  Dodge: Dodged            |    37 |   140 |   119 ||   296

Table legend:
 A = Non-vault XP
 B = Vault XP
 C = Vault XP percentage of total XP
 D = Non-vault monster count
 E = Vault monster count
 F = Vault count percentage of total count
                 A         B        C        D         E       F
            +---------+---------+-------+---------+---------+-------
      Total |    1734 |    1449 |  45.5 |     101 |      14 |  12.2
            +---------+---------+-------+---------+---------+-------
        D:1 |      56 |       0 |   0.0 |      24 |       0 |   0.0
        D:2 |      80 |       0 |   0.0 |      19 |       0 |   0.0
        D:3 |     180 |      71 |  28.3 |      15 |       2 |  11.8
        D:4 |     183 |      89 |  32.7 |      23 |       5 |  17.9
        D:5 |     658 |    1190 |  64.4 |      10 |       6 |  37.5
        D:6 |     577 |      99 |  14.6 |      10 |       1 |   9.1
            +---------+---------+-------+---------+---------+-------
